MID
GREAT LAKES LOONS @ HARTFORD YARD GOATS
06/25/2052
 
TOP OF THE 1ST
Great Lakes Loons batting - Pitching for Hartford Yard Goats : RHP Juan Reyes
Pitching: RHP Juan Reyes
Batting: SHB Javy Franco 0-0: Called Strike
0-1: Foul Ball, location: 2F
0-2: Ball
1-2: Fly out, F9 (Line Drive, 9S, EV 85.0 MPH)
Batting: RHB Jerry Afghani 0-0: Swinging Strike
0-1: Ball
1-1: Foul Ball, location: 2F
1-2: Fly out, F2 (Popup, 15S, EV 88.8 MPH)
Batting: LHB Gerardo Arriaga 0-0: Called Strike
0-1: Foul Ball, location: 5F
0-2: Ground out 5-3 (Groundball, 5, EV 80.0 MPH)
Top of the 1st over - 0 runs, 0 hits, 0 errors, 0 left on base; Great Lakes 0 - Hartford 0
BOTTOM OF THE 1ST
Hartford Yard Goats batting - Pitching for Great Lakes Loons : RHP Bon John Bovi
Pitching: RHP Bon John Bovi
Batting: LHB Jerry Santana 0-0: Ball
1-0: Ball
2-0: Ball
3-0: Called Strike
3-1: Foul Ball, location: 2F
3-2: Base on Balls
Batting: LHB Glenn Lowther 0-0: Ball
1-0: SINGLE (Groundball, 4MD, EV 105.6 MPH)
Jerry Santana to second
Batting: RHB Doug D'Onofrio 0-0: Fly out, F3 (Popup, 3F, EV 79.4 MPH)
Batting: SHB Joan Coucieiro 0-0: Ball
1-0: Ball
2-0: Ball
3-0: Called Strike
3-1: Foul Ball, location: 5FF
3-2: Fly out, F7 (Flyball, 78D, EV 91.9 MPH)
Batting: RHB Aaron Burnet 0-0: Swinging Strike
0-1: Ball
1-1: Foul Ball, location: 3FF
1-2: Ball
2-2: DOUBLE (Flyball, 78D, EV 87.5 MPH)
Jerry Santana scores
Glenn Lowther to third
Runner from 3rd tries for Home, SAFE, throw by CF to trailing runner, SAFE at third!
Batting: SHB Brad Madden 0-0: Foul Ball, location: 25F
0-1: Ball
1-1: Ground out 4-3 (Groundball, 34, EV 108.1 MPH)
Bottom of the 1st over - 2 runs, 2 hits, 0 errors, 1 left on base; Great Lakes 0 - Hartford 2
TOP OF THE 2ND
Great Lakes Loons batting - Pitching for Hartford Yard Goats : RHP Juan Reyes
Batting: RHB Tony Vasquez 0-0: Ball
1-0: Called Strike
1-1: Ground out 6-3 (Groundball, 56, EV 90.0 MPH)
Batting: RHB John Hanson 0-0: Ball
1-0: Foul Ball, location: 5F
1-1: Ball
2-1: Swinging Strike
2-2: Foul Ball, location: 2F
2-2: Strikes out looking
Batting: SHB Danny Jensen 0-0: Ball
1-0: Ball
2-0: Ball
3-0: Called Strike
3-1: Fly out, F8 (Flyball, 8LS, EV 76.9 MPH)
Top of the 2nd over - 0 runs, 0 hits, 0 errors, 0 left on base; Great Lakes 0 - Hartford 2
BOTTOM OF THE 2ND
Hartford Yard Goats batting - Pitching for Great Lakes Loons : RHP Bon John Bovi
Batting: RHB Willie Benito 0-0: Ball
1-0: Called Strike
1-1: Ball
2-1: Ground out 4-3 (Groundball, 4, EV 90.0 MPH)
Batting: SHB Jesus Perales 0-0: Called Strike
0-1: Ball
1-1: Ball
2-1: SINGLE (Groundball, 13, EV 76.3 MPH) (infield hit)
Batting: RHB Chris Kinder 0-0: Ball
1-0: Called Strike
1-1: Ball
2-1: SINGLE (Groundball, 4MD, EV 105.0 MPH)
Jesus Perales to second
Batting: LHB Jerry Santana 0-0: Ball
1-0: Fielders Choice at 2nd, 6-4 (Groundball, 6, EV 88.1 MPH)
Jesus Perales to third
Batting: LHB Glenn Lowther 0-0: Ball
1-0: Swinging Strike
1-1: Ball
2-1: Ball
3-1: Base on Balls
Jerry Santana to second
Batting: RHB Doug D'Onofrio 0-0: Ball
1-0: Foul Ball, location: 5F
1-1: Called Strike
1-2: Foul Ball, location: 3FF
1-2: Ball
Wild Pitch!
Jesus Perales scores
Jerry Santana to third
Glenn Lowther to second
2-2: Ball
3-2: Ground out 4-3 (Groundball, 4, EV 85.0 MPH)
Bottom of the 2nd over - 1 run, 2 hits, 0 errors, 2 left on base; Great Lakes 0 - Hartford 3
TOP OF THE 3RD
Great Lakes Loons batting - Pitching for Hartford Yard Goats : RHP Juan Reyes
Batting: RHB Mario Diaz 0-0: Swinging Strike
0-1: Called Strike
0-2: Foul Ball, location: 9LDF
0-2: Ball
1-2: Strikes out looking
Batting: LHB Umar Matoub 0-0: Called Strike
0-1: Swinging Strike
0-2: Ball
1-2: Foul Ball, location: 7LSF
1-2: Foul Ball, location: 7LSF
1-2: Ball
2-2: Foul Ball, location: 3F
2-2: Strikes out swinging
Batting: LHB Ramon Vega 0-0: Foul Ball, location: 5DF
0-1: Ground out 6-3 (Groundball, 6, EV 102.5 MPH)
Top of the 3rd over - 0 runs, 0 hits, 0 errors, 0 left on base; Great Lakes 0 - Hartford 3
BOTTOM OF THE 3RD
Hartford Yard Goats batting - Pitching for Great Lakes Loons : RHP Bon John Bovi
Batting: SHB Joan Coucieiro 0-0: Swinging Strike
0-1: Ball
1-1: Foul Ball, location: 7LSF
1-2: Ball
2-2: Ball
3-2: Base on Balls
Batting: RHB Aaron Burnet 0-0: Called Strike
0-1: Foul Ball, location: 7LMF
0-2: Ball
1-2: Fielders Choice at 2nd, 3-6 (Groundball, 34, EV 103.1 MPH)
Batting: SHB Brad Madden 0-0: Ball
1-0: Fielders Choice at 2nd, 1-6 (Groundball, 13S, EV 66.3 MPH)
Batting: RHB Willie Benito 0-0: Called Strike
0-1: Foul Ball, location: 2F
0-2: Ball
1-2: Strikes out swinging
Bottom of the 3rd over - 0 runs, 0 hits, 0 errors, 1 left on base; Great Lakes 0 - Hartford 3
TOP OF THE 4TH
Great Lakes Loons batting - Pitching for Hartford Yard Goats : RHP Juan Reyes
Batting: SHB Javy Franco 0-0: Ball
1-0: Ball
2-0: Ball
3-0: Base on Balls
Batting: RHB Jerry Afghani 0-0: Called Strike
0-1: Ball
1-1: Called Strike
1-2: Ball
Javy Franco steals 2nd base
2-2: Ground out U3 (Groundball, 3, EV 86.3 MPH)
Javy Franco to third
Batting: LHB Gerardo Arriaga 0-0: Ball
1-0: Called Strike
1-1: Ball
Passed Ball!
Javy Franco scores
2-1: Ball
3-1: Foul Ball, location: 7LMF
3-2: SINGLE (Line Drive, 34, EV 96.9 MPH)
Batting: RHB Tony Vasquez 0-0: Ball
1-0: Foul Ball, location: 3F
1-1: Fielders Choice at 2nd, 5-4 (Groundball, 5S, EV 84.4 MPH)
Batting: RHB John Hanson 0-0: Ball
Tony Vasquez is caught stealing 2nd base 2-4
Top of the 4th over - 1 run, 1 hit, 0 errors, 0 left on base; Great Lakes 1 - Hartford 3
BOTTOM OF THE 4TH
Hartford Yard Goats batting - Pitching for Great Lakes Loons : RHP Bon John Bovi
Batting: SHB Jesus Perales 0-0: Swinging Strike
0-1: Swinging Strike
0-2: Ball
1-2: Ball
2-2: Ball
3-2: Foul Ball, location: 2F
3-2: Foul Ball, location: 7LSF
3-2: Base on Balls
Batting: RHB Chris Kinder 0-0: Swinging Strike
0-1: TRIPLE (Flyball, 89D, EV 103.1 MPH)
Jesus Perales scores
Batting: LHB Jerry Santana 0-0: Called Strike
0-1: Ball
1-1: Ground out 6-3 (Groundball, 56, EV 81.3 MPH)
Batting: LHB Glenn Lowther 0-0: Ball
1-0: Ball
2-0: Foul Ball, location: 2RF
2-1: Foul Ball, location: 2F
2-2: Foul Ball, location: 3SF
2-2: Ball
3-2: Base on Balls
Pitching: RHP Doug Frampton
Batting: RHB Doug D'Onofrio 0-0: Called Strike
Glenn Lowther is caught stealing 2nd base 2-4
0-1: SINGLE (Groundball, 4D, EV 101.9 MPH) (infield hit)
Chris Kinder scores
Batting: SHB Joan Coucieiro 0-0: Ball
1-0: Called Strike
1-1: Ball
2-1: Ball
3-1: Foul Ball, location: 2LF
3-2: Foul Ball, location: 7LSF
3-2: Foul Ball, location: 3F
3-2: Base on Balls
Doug D'Onofrio to second
Batting: RHB Aaron Burnet 0-0: Swinging Strike
0-1: Ball
1-1: Called Strike
1-2: Ball
2-2: Strikes out looking
Bottom of the 4th over - 2 runs, 2 hits, 0 errors, 2 left on base; Great Lakes 1 - Hartford 5
TOP OF THE 5TH
Great Lakes Loons batting - Pitching for Hartford Yard Goats : RHP Juan Reyes
Batting: RHB John Hanson 0-0: Foul Ball, location: 9LDF
0-1: Ball
1-1: Ground out U3 (Groundball, 34, EV 85.6 MPH)
Batting: SHB Danny Jensen 0-0: Called Strike
0-1: SINGLE (Groundball, 4MD, EV 97.5 MPH)
Batting: RHB Mario Diaz 0-0: Grounds into double play, 6-4-3 (Groundball, 6, EV 87.5 MPH)
Top of the 5th over - 0 runs, 1 hit, 0 errors, 0 left on base; Great Lakes 1 - Hartford 5
BOTTOM OF THE 5TH
Hartford Yard Goats batting - Pitching for Great Lakes Loons : RHP Doug Frampton
Batting: SHB Brad Madden 0-0: Called Strike
0-1: Called Strike
0-2: Ground out 4-3 (Groundball, 4, EV 98.8 MPH)
Batting: RHB Willie Benito 0-0: Ball
1-0: Ball
2-0: Ball
3-0: Called Strike
3-1: Called Strike
3-2: Base on Balls
Batting: SHB Jesus Perales 0-0: Ball
1-0: Reached on error, E6 (Groundball, 4MD, EV 95.0 MPH)
Willie Benito to second
Batting: RHB Chris Kinder 0-0: Ball
Wild Pitch!
Willie Benito to third
Jesus Perales to second
1-0: Swinging Strike
1-1: Called Strike
1-2: Fly out, F8 (Flyball, 89D, EV 100.0 MPH)
Runner from 3rd tags up, OUT at HOME! 8-2
Bottom of the 5th over - 0 runs, 0 hits, 1 error, 1 left on base; Great Lakes 1 - Hartford 5
TOP OF THE 6TH
Great Lakes Loons batting - Pitching for Hartford Yard Goats : RHP Juan Reyes
Batting: LHB Umar Matoub 0-0: Called Strike
0-1: Swinging Strike
0-2: Strikes out swinging
Batting: LHB Ramon Vega 0-0: Called Strike
0-1: Ground out 4-3 (Groundball, 34, EV 90.6 MPH)
Batting: SHB Javy Franco 0-0: Ball
1-0: SINGLE (Groundball, 4S, EV 66.9 MPH) (infield hit)
Batting: RHB Jerry Afghani 0-0: Called Strike
0-1: Called Strike
Javy Franco is caught stealing 2nd base 2-4
Top of the 6th over - 0 runs, 1 hit, 0 errors, 0 left on base; Great Lakes 1 - Hartford 5
BOTTOM OF THE 6TH
Hartford Yard Goats batting - Pitching for Great Lakes Loons : RHP Doug Frampton
Batting: LHB Jerry Santana 0-0: Ball
1-0: DOUBLE (Flyball, 78D, EV 101.3 MPH)
Batting: LHB Glenn Lowther 0-0: Ball
1-0: Fly out, F5 (Popup, 5L, EV 75.6 MPH)
Batting: RHB Doug D'Onofrio 0-0: Foul Ball, location: 2F
0-1: Foul Ball, location: 2F
0-2: DOUBLE (Line Drive, 7LD, EV 103.8 MPH)
Jerry Santana scores
Batting: SHB Joan Coucieiro 0-0: Ball
1-0: Ball
2-0: Ball
3-0: Base on Balls
Batting: RHB Aaron Burnet 0-0: Ball
1-0: Ball
2-0: Foul Ball, location: 2RF
2-1: Swinging Strike
2-2: Foul Ball, location: 2LF
2-2: Strikes out swinging
Batting: SHB Brad Madden 0-0: SINGLE (Groundball, 3D, EV 95.6 MPH)
Doug D'Onofrio to third
Joan Coucieiro to second
Runner from 3rd tries for Home, SAFE, throw by RF to home
Batting: RHB Willie Benito 0-0: Ground out U3 (Groundball, 34S, EV 83.1 MPH)
Bottom of the 6th over - 2 runs, 3 hits, 0 errors, 2 left on base; Great Lakes 1 - Hartford 7
TOP OF THE 7TH
Great Lakes Loons batting - Pitching for Hartford Yard Goats : RHP Juan Reyes
Batting: RHB Jerry Afghani 0-0: Swinging Strike
0-1: Ball
1-1: Ground out 3-1 (Groundball, 34S, EV 88.1 MPH)
Batting: LHB Gerardo Arriaga 0-0: Called Strike
0-1: Foul Ball, location: 3SF
0-2: SINGLE (Groundball, 4M, EV 104.4 MPH)
Batting: RHB Tony Vasquez 0-0: Fly out, F8 (Flyball, 89M, EV 93.1 MPH)
Batting: RHB John Hanson 0-0: Ball
1-0: Swinging Strike
1-1: Ball
2-1: Ball
3-1: Swinging Strike
3-2: Strikes out swinging
Top of the 7th over - 0 runs, 1 hit, 0 errors, 1 left on base; Great Lakes 1 - Hartford 7
BOTTOM OF THE 7TH
Hartford Yard Goats batting - Pitching for Great Lakes Loons : RHP Doug Frampton
Batting: SHB Jesus Perales 0-0: Called Strike
0-1: Foul Ball, location: 2F
0-2: Ball
1-2: Ground out 4-3 (Groundball, 4, EV 79.4 MPH)
Batting: RHB Chris Kinder 0-0: Ball
1-0: Ball
2-0: Called Strike
2-1: Swinging Strike
2-2: Strikes out swinging
Batting: LHB Jerry Santana 0-0: Called Strike
0-1: Fly out, F8 (Flyball, 89M, EV 85.6 MPH)
Bottom of the 7th over - 0 runs, 0 hits, 0 errors, 0 left on base; Great Lakes 1 - Hartford 7
TOP OF THE 8TH
Great Lakes Loons batting - Pitching for Hartford Yard Goats : RHP Juan Reyes
Pitching: RHP Jerry Dunne
Batting: SHB Danny Jensen 0-0: Called Strike
0-1: Ball
1-1: Swinging Strike
1-2: Foul Ball, location: 2F
1-2: Strikes out swinging
Batting: RHB Mario Diaz 0-0: Ball
1-0: Called Strike
1-1: Ground out 6-3 (Groundball, 6, EV 103.8 MPH)
Batting: LHB Umar Matoub 0-0: Swinging Strike
0-1: Foul Ball, location: 5F
0-2: Ball
1-2: Ground out U3 (Groundball, 3, EV 86.3 MPH)
Top of the 8th over - 0 runs, 0 hits, 0 errors, 0 left on base; Great Lakes 1 - Hartford 7
BOTTOM OF THE 8TH
Hartford Yard Goats batting - Pitching for Great Lakes Loons : RHP Doug Frampton
Batting: LHB Glenn Lowther 0-0: Ball
1-0: Ball
2-0: Called Strike
2-1: Ground out U3 (Groundball, 34, EV 85.0 MPH)
Batting: RHB Doug D'Onofrio 0-0: Ground out 6-3 (Groundball, 6S, EV 91.3 MPH)
Batting: SHB Joan Coucieiro 0-0: Ball
1-0: Foul Ball, location: 2F
1-1: Fly out, F7 (Line Drive, 7S, EV 92.5 MPH)
Bottom of the 8th over - 0 runs, 0 hits, 0 errors, 0 left on base; Great Lakes 1 - Hartford 7
TOP OF THE 9TH
Great Lakes Loons batting - Pitching for Hartford Yard Goats : RHP Jerry Dunne
Batting: LHB Ramon Vega 0-0: Called Strike
0-1: Ground out 6-3 (Groundball, 6, EV 81.9 MPH)
Batting: SHB Javy Franco 0-0: Foul Ball, location: 7LMF
0-1: DOUBLE (Flyball, 8LD, EV 93.1 MPH)
Batting: RHB Jerry Afghani 0-0: DOUBLE (Groundball, 3L, EV 104.4 MPH)
Javy Franco scores
Batting: LHB Gerardo Arriaga 0-0: Called Strike
0-1: Ground out 6-3 (Groundball, 56D, EV 95.6 MPH)
Jerry Afghani to third
Batting: RHB Tony Vasquez 0-0: Ball
1-0: Fly out, F6 (Line Drive, 6, EV 61.3 MPH)
Top of the 9th over - 1 run, 2 hits, 0 errors, 1 left on base; Great Lakes 2 - Hartford 7
Friday, April 26th , 2024 - OOTP Baseball 24.11 Build 85